 Dungeon Crawl Stone Soup version 0.31.0-11-ge490571c62 (webtiles) character file.

Game seed: 2655204758519175243

81 qw the Shooter (level 4, -2/25 HPs)
             Began as a Deep Elf Hunter on Feb 3, 2024.
             Frozen to death by an endoplasm (3 damage)
             ... on level 3 of the Dungeon.
             The game lasted 00:00:07 (1594 turns).

qw the Shooter (Deep Elf Hunter)                    Turns: 1594, Time: 00:00:07

Health: -2/25      AC:  8    Str: 10    XL:     4   Next: 20%
Magic:  6/6        EV: 16    Int: 14    God:
Gold:   105        SH:  0    Dex: 18    Spells: 3/3 levels left

rFire   . . .        a - +0 shortbow
rCold   . . .        (shield currently unavailable)
rNeg    . . .        h - +0 ring mail
rPois   .            (no helmet)
rElec   .            (no cloak)
rCorr   .            d - +1 pair of gloves
SInv    .            c - +0 pair of boots {Fly}
Will    .....        (no amulet)
Stlth   +            j - +5 ring of evasion
HPRegen 0.24/turn    (no ring)
MPRegen 0.10/turn

%: no passive effects
@: about to teleport, flying
A: no striking features
a: no special abilities


You were on level 3 of the Dungeon.
You visited 1 branch of the dungeon, and saw 3 of its levels.

You collected 144 gold pieces.
You spent 39 gold pieces at shops.


   Skills:
 - Level 1.5 Fighting
 + Level 7.6 Ranged Weapons
 - Level 2.4 Dodging
 - Level 1.2 Stealth


You had 3 spell levels left.
You didn't know any spells.
Your spell library was empty.

Inventory:

Hand Weapons
 a - a +0 shortbow (weapon)
Armour
 c - a +0 pair of boots of flying (worn)
 d - a +1 pair of gloves (worn)
 f - the +0 ring mail "Uffiast" {Harm rCorr Str+3 Int+2}
   (You found it on level 2 of the Dungeon)

   Str+3:     It affects your strength (+3).
   Int+2:     It affects your intelligence (+2).
   rCorr:     It protects you from acid and corrosion.
   Harm:      It increases damage dealt and taken.
 h - a +0 ring mail (worn)
Jewellery
 j - a +5 ring of evasion (left hand)
Scrolls
 e - a scroll of identify
Potions
 b - a potion of might {unknown}

Dungeon Overview and Level Annotations

Branches:
Dungeon (3/15)

Altars:

Shops:
D:1 *[   D:2 =


Message History

The phantom barely misses you.
You shoot an arrow. The arrow hits the hobgoblin!
You kill the hobgoblin!
The phantom hits you.
The phantom blinks!
You blink.
The phantom hits you but does no damage.
The endoplasm barely misses you.
You shoot an arrow. The arrow hits the phantom.
The phantom is moderately damaged.
The endoplasm hits you but does no damage.
The phantom hits you.
You shoot an arrow. The arrow hits the phantom.
The phantom is moderately damaged.
The endoplasm freezes you.
You are frozen.
The phantom completely misses you.
You shoot an arrow. The arrow hits the phantom!
The phantom is heavily damaged.
The endoplasm barely misses you.
The phantom hits you but does no damage.
You shoot an arrow. The arrow barely misses the phantom.
The endoplasm freezes you.
You are frozen.
The phantom hits you.
You shoot an arrow. The arrow closely misses the phantom.
The phantom closely misses you. The endoplasm closely misses you.
The phantom closely misses you. The endoplasm freezes you.
You are frozen.
You shoot an arrow. The arrow hits the phantom.
The phantom is severely damaged.
The endoplasm barely misses you.
The phantom hits you but does no damage.
You shoot an arrow. The arrow barely misses the phantom.
The phantom hits you.
The phantom blinks!
You blink.
The endoplasm freezes you.
You are frozen.
1594 ||| READING scroll of teleportation.
As you read the scroll of teleportation, it crumbles to dust.
You feel strangely unstable. The endoplasm freezes you.
You are frozen.
You die...

#).... #o#..#.#
.#####.#..#.#
...#.)...#.#
.......#.#
#.....#.# #
#.#..#.########.#
#.#...%..oJ¤W...#
#.##.......@..###
#.######.####.#
#...# # .# ###.#
# #.# #.# ###.#
#.# ....# #.#
##### #.#


You could see a phantom, an orc and an endoplasm.

Vanquished Creatures
  An orc wizard (D:3)
  2 ribbon worms (D:2)
  2 dart slugs
  An orc (D:3)
  8 endoplasms
  4 giant cockroaches
  4 hobgoblins
  2 jackals (D:2)
  A quokka (D:2)
  2 ball pythons (D:2)
  5 bats
  2 frilled lizards (D:1)
  5 kobolds
  5 rats
44 creatures vanquished.

Notes
Turn   | Place    | Note
-------+----------+-------------------------------------------
     0 | D:1      | qw the Deep Elf Hunter began the quest for the Orb.
     0 | D:1      | Reached XP level 1. HP: 12/12 MP: 3/3
     0 | D:1      | 0 ||| qw: Version: 0.3-a-155-g5e7d8dd
     0 | D:1      | 0 ||| qw: Game counter: 3311
     0 | D:1      | 0 ||| qw: Melee chars always use a shield: true
     0 | D:1      | 0 ||| qw: God list: Okawaru
     0 | D:1      | 0 ||| qw: Allow faded altars: false
     0 | D:1      | 0 ||| qw: Do Orc after clearing Dungeon:15 true
     0 | D:1      | 0 ||| qw: Do second Lair branch before Depths: true
     0 | D:1      | 0 ||| qw: Lair rune preference: random
     0 | D:1      | 0 ||| qw: Goals: Normal
     0 | D:1      | 0 ||| PLANNING D:1-11
   177 | D:1      | Reached XP level 2. HP: 16/16 MP: 4/4
   180 | D:1      | Reached skill level 6 in Ranged Weapons
   447 | D:1      | Found Nuteis's Antique Armour Emporium.
   452 | D:1      | 452 ||| SHOPLISTING shiny scale mail (154 gold, have 59).
   511 | D:1      | Found Boypnim's General Store.
   516 | D:1      | 516 ||| SHOPLISTING amulet of faith (520 gold, have 64).
   516 | D:1      | 516 ||| SHOPLISTING potion of heal wounds (65 gold, have
                  | 64).
   516 | D:1      | 516 ||| SHOPLISTING scroll of enchant armour (97 gold, have
                  | 64).
   516 | D:1      | 516 ||| BUYING scroll of teleportation (39 gold).
   516 | D:1      | Bought a scroll of teleportation for 39 gold pieces
   680 | D:1      | 680 ||| UPGRADING to +1 pair of gloves.
   685 | D:1      | 685 ||| UPGRADING to +0 ring mail.
   695 | D:1      | 695 ||| DROPPING +0 leather armour.
   696 | D:1      | 696 ||| UPGRADING to +5 ring of evasion.
   697 | D:1      | 697 ||| READING scroll labelled IRISYBA PORU.
   698 | D:1      | 698 ||| READING scroll labelled HIEMA NIQAOS.
   727 | D:1      | 727 ||| READING scroll labelled ICHOYF UDA BOA.
   727 | D:1      | Identified a scroll of acquirement
   727 | D:1      | 727 ||| ACQUIRING +0 pair of boots of flying
   727 | D:1      | Acquired a +0 pair of boots of flying
   729 | D:1      | 729 ||| UPGRADING to +0 pair of boots of flying.
   734 | D:1      | 734 ||| READING scroll labelled CILOUFRERAU.
   735 | D:1      | 735 ||| DROPPING scroll of butterflies.
   855 | D:2      | Reached XP level 3. HP: 20/20 MP: 5/5
   984 | D:2      | Identified the +0 ring mail "Uffiast" {Harm rCorr Str+3
                  | Int+2}
  1066 | D:2      | Found Xumaebu's Jewellery Emporium.
  1094 | D:2      | 1094 ||| SHOPLISTING amulet of faith (440 gold, have 66).
  1094 | D:2      | 1094 ||| SHOPLISTING ring "Ibaufrel" {rF+ rC+ Will+ rCorr
                  | Str-2} (506 gold, have 66).
  1094 | D:2      | 1094 ||| SHOPLISTING ring "Oriumei" {rN+ Str+6} (435 gold,
                  | have 66).
  1094 | D:2      | 1094 ||| SHOPLISTING ring of Iharr {rElec rC+ SInv} (475
                  | gold, have 66).
  1094 | D:2      | 1094 ||| SHOPLISTING ring of poison resistance (220 gold,
                  | have 66).
  1094 | D:2      | 1094 ||| SHOPLISTING ring of willpower (275 gold, have 66).
  1182 | D:2      | Reached skill level 7 in Ranged Weapons
  1285 | D:2      | Found a faded altar of an unknown god.
  1453 | D:2      | 1453 ||| READING 2 scrolls labelled DOLIMU UXOALA.
  1454 | D:2      | 1454 ||| READING scroll labelled WARRIRH IPUAV.
  1455 | D:2      | 1455 ||| DROPPING scroll of poison.
  1457 | D:2      | 1457 ||| Stepping ~*~*~tactically~*~*~ (cloud).
  1461 | D:2      | HP: 5/20 [poisoned by you (poison gas)]
  1577 | D:3      | Noticed a phantom
  1583 | D:3      | Reached XP level 4. HP: 25/25 MP: 6/6
  1593 | D:3      | HP: 6/25 [phantom (2)]
  1593 | D:3      | HP: 1/25 [frozen (5)]
  1594 | D:3      | 1594 ||| READING scroll of teleportation.
  1594 | D:3      | Frozen to death by an endoplasm

Levels and vault maps discovered:
D:1:      dpeg_arrival_round_b, layout_loops_ring, serial_shops,
          nicolae_shop_pleasant_corner_grove, nicolae_shop_tiny_real_fake_doors
D:2:      layout_basic, shapermc_ecumenical_altar_venn, serial_shops, shop,
          minmay_pentomino_v4
D:3:      layout_loops_ring, kennysheep_slug_shrine, nzn_wu_jian_contemplation

Skill      XL: |  1  2  3 |
---------------+----------+-----
Ranged Weapons | 6 7 |  7.6
Fighting       | |  1.5
Dodging        | |  2.4
Stealth        | |  1.2

Action                     |  1- 3 |  4- 6 || total
---------------------------+-------+-------++-------
   Fire: Shortbow          |   136 |    11 ||   147
    Use: Scroll            |     6 |     1 ||     7
 Armour: Ring mail         |    22 |     9 ||    31
         Leather armour    |     2 |       ||     2
  Dodge: Dodged            |    32 |     9 ||    41

Table legend:
 A = Non-vault XP
 B = Vault XP
 C = Vault XP percentage of total XP
 D = Non-vault monster count
 E = Vault monster count
 F = Vault count percentage of total count
                 A         B        C        D         E       F
            +---------+---------+-------+---------+---------+-------
      Total |     114 |       3 |   2.6 |      42 |       2 |   4.5
            +---------+---------+-------+---------+---------+-------
        D:1 |      25 |       0 |   0.0 |      16 |       0 |   0.0
        D:2 |      47 |       3 |   6.0 |      22 |       2 |   8.3
        D:3 |      42 |       0 |   0.0 |       4 |       0 |   0.0
            +---------+---------+-------+---------+---------+-------
